 Dungeon Crawl Stone Soup version 0.30-a0-591-g3c58d2bc28 (webtiles) character file.

Game seed: 16172044835684173924

1771 Dirtsage the Changer (level 9, -2/55 (82) HPs)
             Began as an Octopode Transmuter on Jan 4, 2023.
             Was an Initiate of Gozag.
             Slain by Joseph
             ... wielding a +3 quarterstaff of draining
              (3 damage)
             ... on level 7 of the Dungeon.
             The game lasted 00:21:49 (5569 turns).

Dirtsage the Changer (Octopode Transmuter)          Turns: 5569, Time: 00:21:49

HP:   -2/55 (82)    AC: 28    Str:  9    XL:     9   Next: 7%
MP:   12/12         EV:  2    Int: 20    God:    Gozag
Gold: 213           SH:  0    Dex: 12    Spells: 1/12 levels left

rFire   . . .      SeeInvis .    g - +1 short sword (elec)
rCold   . . .      Faith    .    (no shield)
rNeg    . . .      Spirit   .    (helmet currently unavailable)
rPois   +          Reflect  .    (no amulet)
rElec   .          Harm     .    c - ring of flight
rCorr   .          Rampage  .    e - +4 ring of protection
Will    .....      NoTele   +    (no ring)
Stlth   +                        (no ring)
HPRegen 0.29/turn                (no ring)
MPRegen 0.13/turn                (no ring)
                                 (no ring)
                                 (no ring)

@: brilliant, tree-form, very heavily drained
A: stationary, stasis, torment immunity, boosted hp, almost no armour,
(amphibious), 8 rings, (camouflage 1), (gelatinous body 1), (nimble swimmer 1),
(tentacles)
a: Renounce Religion, Potion Petition, Call Merchant, Bribe Branch


You were on level 7 of the Dungeon.
You worshipped Gozag.
Gozag was aware of your devotion.
You were a tree.
You visited 2 branches of the dungeon, and saw 8 of its levels.

You collected 327 gold pieces.
You paid 114 gold pieces to Gozag.

Inventory:

Hand Weapons
 g - a +1 short sword of electrocution (weapon)
Missiles
 h - 3 curare-tipped darts
 n - a throwing net
 p - 6 silver javelins
Jewellery
 c - a ring of flight (left branch)
 e - a +4 ring of protection (right branch)
Scrolls
 b - 2 scrolls of brand weapon {unknown}
 f - 2 scrolls of vulnerability {unknown}
 i - a scroll of identify
 j - a scroll of magic mapping {unknown}
 k - a scroll of silence {unknown}
 l - a scroll of blinking {unknown}
 m - 4 scrolls of enchant armour
 o - 2 scrolls of immolation {unknown}
 r - a scroll of fear {unknown}
 t - a scroll of fog {unknown}
 u - a scroll of teleportation {unknown}
 v - a scroll of poison {unknown}
Potions
 d - a potion of might
 q - 2 potions of curing
 s - a potion of berserk rage


   Skills:
 + Level 2.6 Fighting
 - Level 2.0 Dodging
 * Level 4.8 Unarmed Combat
 + Level 2.4 Spellcasting
 * Level 7.5 Transmutations
 * Level 7.1 Ice Magic


You had one spell level left.
You knew the following spells:

 Your Spells              Type           Power      Damage    Failure   Level
a - Beastly Appendage     Tmut           96%        N/A       1%          1
b - Wereblood             Tmut           48%        N/A       1%          2
c - Ice Form              Ice/Tmut       47%        N/A       8%          4
d - Ensorcelled Hibernat  Hex/Ice        50%        N/A       5%          2
w - Passwall              Tmut/Erth      21%        N/A       4%          2

Your spell library contained the following spells:

 Spells                   Type           Power      Damage    Failure   Level
 Spider Form              Tmut/Pois      26%        N/A       10%         3
 Petrify                  Tmut/Erth      26%        N/A       32%         4
 Swiftness                Air            3%         N/A       41%         3
 Yara's Violent Unravell  Hex/Tmut       13%        3d7       65%         5
 Shatter                  Erth           1%         3d6*      100%        9


Dungeon Overview and Level Annotations

Branches:
Dungeon (7/15)             Temple (1/1) D:5

Altars:
Ashenzari
Dithmenos
Fedhas
Gozag
Hepliaklqana
Makhleb
Nemelex Xobeh
Okawaru
Ru
Sif Muna
Uskayaw
Vehumet
Wu Jian
Zin

Shops:
D:5 :

Annotations:
D:7 Joseph


Innate Abilities, Weirdness & Mutations

You are a tree.
Your roots penetrate the ground, keeping you stationary.
You cannot be teleported.
You are immune to unholy pain and torment.
Your maximum health is greatly increased.
You cannot wear most types of armour.
((You are amphibious.))
You can wear up to eight rings at the same time.
((Your skin changes colour to match your surroundings (Stealth+).))
((Your rubbery body absorbs attacks. (AC +1, EV +1)))
((You are camouflaged when in or above water. (Stealth+)))
((You have tentacles for arms and can constrict up to eight enemies at once.))


Message History

You warm up again.
Your +1 short sword of electrocution unmelds from your body.
You hear the crackle of electricity.
Joseph barely misses you.
You now have 11/45 hp.
Really quaff the potion of lignification?
You turn into a tree.
Your roots penetrate the ground.
Joseph hits you with a +3 quarterstaff of draining!
* * * LOW HITPOINT WARNING * * *
You feel drained.
* * * LOW HITPOINT WARNING * * *
You now have 4/64 hp.
It was a potion of brilliance.
You feel clever all of a sudden. Joseph hits you but does no damage.
You feel drained.
You feel better. Joseph hits you but does no damage.
You feel drained.
You regained 7 hp, and now have 12/61 hp.
You hit Joseph.
Joseph is moderately wounded.
Joseph hits you but does no damage.
You feel drained.
You hit Joseph but do no damage.
Joseph is moderately wounded.
Joseph barely misses you.
You closely miss Joseph.
Joseph is moderately wounded.
Joseph hits you with a +3 quarterstaff of draining.
* * * LOW HITPOINT WARNING * * *
You feel drained.
* * * LOW HITPOINT WARNING * * *
You take 5 damage, and have 8/58 hp.
You hit Joseph. Lightning courses through Joseph!!
Joseph is heavily wounded.
Joseph hits you but does no damage.
You feel drained.
You barely miss Joseph.
Joseph is heavily wounded.
Joseph hits you with a +3 quarterstaff of draining!
* * * LOW HITPOINT WARNING * * *
You feel drained.
You die...
Your body crumbles into a pile of gold.

...#.<.5......P.PPPPP
................P@....
##+##'##'###.##.P.P...P
..#.....####.P.P._.P
....#..... #.P.P@..P
#+##'##'##+ ..P......
$#.....#..# ...P.PPP
#'###@#..# ......
#...♣.#..##.....##
+.._..'..'........
#.....#..#........
#+###'#..#........
..#..#........
+##+##'........
#.....#........
#.....#........
+##+###........


You could see Joseph.

Vanquished Creatures
  A steam dragon (D:6)
  2 black bears
  2 ogres (D:4)
  2 kobold brigands (D:6)
  2 bullfrogs (D:7)
  3 necrophages
  4 scorpions
  2 howler monkeys
  2 jellies
  3 orc priests
  4 iguanas
  An orc wizard (D:6)
  Robin (D:3)
  4 gnolls
  6 adders
  2 shadow imps (D:7)
  2 ufetubi (D:5)
  2 worms (D:3)
  3 dart slugs
  8 orcs
  8 bats
  11 endoplasms
  A giant cockroach (D:3)
  15 goblins
  4 hobgoblins
  3 jackals (D:4)
  4 quokkas
  9 ball pythons
  17 frilled lizards
  13 kobolds
  5 rats
146 creatures vanquished.

Vanquished Creatures (others)
  An orc (D:6)
  9 plants (D:1)
10 creatures vanquished.

Grand Total: 156 creatures vanquished

Notes
Turn   | Place    | Note
-------+----------+-------------------------------------------
     0 | D:1      | Dirtsage the Octopode Transmuter began the quest for the
                  | Orb.
     0 | D:1      | Reached XP level 1. HP: 13/13 MP: 3/3
    94 | D:1      | Reached skill level 1 in Ice Magic
    94 | D:1      | Reached XP level 2. HP: 18/18 MP: 3/5
   482 | D:1      | Reached XP level 3. HP: 23/23 MP: 4/6
   689 | D:2      | Learned a level 2 spell: Wereblood
  1036 | D:2      | Reached XP level 4. HP: 27/28 MP: 7/7
  1160 | D:2      | You are sucked into a shaft and drop 1 floor!
  1299 | D:3      | Noticed Robin
  1306 | D:3      | Killed Robin
  1924 | D:4      | Reached XP level 5. HP: 33/33 MP: 8/8
  1958 | D:4      | Noticed an ogre
  1963 | D:4      | Killed an ogre
  2173 | D:4      | Reached XP level 6. HP: 38/38 MP: 9/9
  2178 | D:4      | Learned a level 4 spell: Ice Form
  2181 | D:4      | Learned a level 2 spell: Passwall
  2378 | D:4      | Noticed a black bear
  2381 | D:4      | Reached skill level 5 in Transmutations
  2398 | D:4      | Killed a black bear
  2399 | D:4      | Reached XP level 7. HP: 7/43 MP: 10/10
  2900 | D:5      | Entered Level 5 of the Dungeon
  2926 | D:5      | Found a staircase to the Ecumenical Temple.
  2929 | D:5      | Reached skill level 5 in Ice Magic
  2936 | Temple   | Entered the Ecumenical Temple
  3541 | D:5      | Found Hetuih's Tremendous Tomes.
  4290 | D:6      | Reached XP level 8. HP: 38/48 MP: 11/11
  4293 | D:6      | Learned a level 2 spell: Ensorcelled Hibernation
  4889 | D:6      | Got Sif Muna's Writings on Petrified Malisons
  5340 | D:7      | Reached XP level 9. HP: 54/55 MP: 12/12
  5407 | D:7      | Found a hide-covered altar of Uskayaw.
  5408 | D:7      | Noticed Joseph
  5541 | D:7      | Found an opulent altar of Gozag.
  5551 | D:7      | Became a worshipper of Gozag Ym Sagoz the Greedy
  5569 | D:7      | HP: 1/57 [Joseph/+3 quarterstaff of draining (7)]
  5569 | D:7      | Slain by Joseph

Illustrated notes

Levels and vault maps discovered:
D:1:      wander_arrival_chamber, layout_basic, minmay_lizard_king
D:2:      layout_basic, solitary_fountain, chequers_serial_rivers_micro_b
D:3:      layout_basic, uniq_robin
D:4:      layout_loops_ring, kennysheep_generic_room_11
D:5:      layout_gridville, minmay_temple_entry_purple_smoke,
          reono_crystal_passage, grunt_decor_arrowhead, chequers_jeans,
          nicolae_shop_i_like_big_books
D:6:      layout_rooms, minmay_misc_feat_four_crosses, minmay_unpleasant_kobolds
D:7:      layout_basic, mainiacjoe_overflow_cross_hatched,
          mainiacjoe_overflow_24_doors, fountainhead, uniq_joseph
Temple:   hellmonk_temple_forest_ring

Skill      XL: |  1  2  3  4  5  6  7  8 |
---------------+-------------------------+-----
Ice Magic      | 1 2 3 4 6 7 |  7.1
Transmutations | 3 4 5 6 7 |  7.5
Fighting       | 2 |  2.6
Unarmed Combat | 4 |  4.8
Dodging        | |  2.0
Spellcasting   | |  2.4

Action                   |  1- 3 |  4- 6 |  7- 9 || total
-------------------------+-------+-------+-------++-------
Melee: Unarmed           |    35 |       |    49 ||    84
       Tentacles         |    18 |    21 |    35 ||    74
       Kick              |     7 |       |       ||     7
       Constrict         |    15 |    21 |    33 ||    69
       Short sword       |    59 |   108 |   122 ||   289
       Punch             |       |     4 |     2 ||     6
Throw: Dart              |       |     4 |       ||     4
 Cast: Beastly Appendage |     7 |       |       ||     7
       Wereblood         |       |     1 |     2 ||     3
       Ice Form          |       |       |     7 ||     7
  Use: Scroll            |       |     1 |     3 ||     4
       Potion            |       |     1 |     4 ||     5
 Stab: Sleeping          |     5 |     3 |     1 ||     9
       Distracted        |     1 |       |     1 ||     2
Armor: Skin              |    24 |    52 |    61 ||   137
Dodge: Dodged            |    51 |    59 |    85 ||   195

Table legend: (Time is in decaauts)
 A = Elapsed time spent in this place.
 B = Non-inter-level travel time spent in this place.
 C = Inter-level travel time spent in this place.
 D = Time resting spent in this place.
 E = Time spent auto-exploring this place.
 F = Levels seen in this place.
 G = Mean time per level.
                   A        B        C        D        E       F      G
               +--------+--------+--------+--------+--------+-----+--------+
         Total |   5565 |   5255 |    310 |    167 |   4019 |   8 |  695.6 |
       Dungeon |   5430 |   5122 |    308 |    167 |   3904 |   7 |  775.7 |
        Temple |    135 |    133 |      2 |      0 |    115 |   1 |  135.0 |
               +--------+--------+--------+--------+--------+-----+--------+

Top non-repeatable levels by time:
     D:5: 1282 daAuts
     D:4: 1022 daAuts
     D:6: 895 daAuts
     D:2: 700 daAuts
     D:1: 679 daAuts
     D:3: 602 daAuts
     D:7: 247 daAuts
  Temple: 135 daAuts
